 Dungeon Crawl Stone Soup version 0.29.1-14-g9c671dbff4 (webtiles) character file.

Game seed: 11491109812586378642

763 KittyFluff the Cudgeller (level 7, -2/66 HPs)
             Began as a Gargoyle Berserker on Feb 15, 2023.
             Was a Priest of Trog.
             Slain by a two-headed ogre
             ... wielding a +0 giant spiked club
              (12 damage)
             ... on level 5 of the Dungeon.
             The game lasted 00:17:32 (4517 turns).

KittyFluff the Cudgeller (Gargoyle Berserker)       Turns: 4517, Time: 00:17:32

Health: -2/66      AC: 14    Str: 21    XL:     7   Next: 81%
Magic:  16/16      EV: 16    Int:  7    God:    Trog [***...]
Gold:   300        SH:  0    Dex: 11    Spells: 6/6 levels left

rFire   . . .      SeeInvis .   a - +0 mace
rCold   + . .      Faith    .   (no shield)
rNeg    + . .      Spirit   .   n - +2 leather armour {rC+}
rPois   ∞          Reflect  .   C - +0 helmet
rElec   +          Harm     .   t - +0 cloak
rCorr   .          Rampage  .   q - +0 pair of gloves
Will    .....                   (no boots)
Stlth   ..........              (no amulet)
HPRegen 0.21/turn               e - ring of magical power
MPRegen 0.15/turn               v - +4 ring of evasion

@: berserking, very quick
A: sickness immunity, AC +4, negative energy resistance 1, electricity
resistance, torment resistance 1, petrification resistance
a: Renounce Religion, Berserk, Trog's Hand


You were on level 5 of the Dungeon.
You worshipped Trog.
Trog was most pleased with you.
You visited 1 branch of the dungeon, and saw 5 of its levels.

You collected 300 gold pieces.

Inventory:

Hand Weapons
 a - a +0 mace (weapon)
 u - a +0 sling
 z - a +0 flail
 D - the +5 spear of the Swamp {freeze, rElec rC+ Dex+3}
   (You found it on level 5 of the Dungeon)

   It freezes those it strikes, dealing additional cold damage.
   It can also slow down cold-blooded creatures.
   Dex:       It affects your dexterity (+3).
   rC:        It protects you from cold.
   rElec:     It insulates you from electricity.
Missiles
 d - 44 stones (quivered)
 o - 23 poisoned darts
 A - 2 throwing nets
 B - a curare-tipped dart
Armour
 n - a +2 leather armour of cold resistance (worn)
 q - a +0 pair of gloves (worn)
 s - a +0 scale mail
 t - a +0 cloak (worn)
 C - a +0 helmet (worn)
Jewellery
 e - a ring of magical power (left hand)
 v - a +4 ring of evasion (right hand)
Scrolls
 c - 2 scrolls of noise {unknown}
 f - 2 scrolls of blinking {unknown}
 i - a scroll of vulnerability {unknown}
 k - a scroll of enchant weapon {unknown}
 m - a scroll of summoning {unknown}
 p - a scroll of poison {unknown}
 x - a scroll of teleportation {unknown}
 y - a scroll of amnesia {unknown}
Potions
 b - 3 potions of lignification
 g - a potion of cancellation
 h - a potion of invisibility
 j - 3 potions of curing {unknown}
 l - a potion of heal wounds {unknown}
 r - 2 potions of degeneration {unknown}
 w - 2 potions of haste {unknown}


   Skills:
 + Level 4.8 Fighting
 + Level 6.3 Maces & Flails
 + Level 0.9 Throwing
 * Level 4.6 Armour
 + Level 2.8 Dodging
 + Level 1.6 Stealth


You had 6 spell levels left.
You didn't know any spells.
Your spell library was empty.

Dungeon Overview and Level Annotations

Branches:
Dungeon (5/15)
 Temple: D:4-7

Altars:
Elyvilon
Makhleb
Yredelemnul


Innate Abilities, Weirdness & Mutations

You are immune to sickness and miasma.
Your stone body is resilient. (AC +4)
You are immune to poison.
You resist negative energy. (rN+)
You are resistant to electric shocks. (rElec)
You are resistant to unholy torment.
You are immune to petrification.


Message History

A two-headed ogre and a dart slug come into view.
Found 5 stones.
The two-headed ogre shouts in stereo!
Throw: 46 stones
Press: ? - help, Q - select action, (/) - cycle Shift-Dir - straight line, f - two-headed ogre
Aim: a two-headed ogre, wielding two +0 giant spiked clubs (73% to hit)
You throw a stone. The stone hits the two-headed ogre.
The two-headed ogre is lightly wounded.
Throw: 45 stones
Press: ? - help, Q - select action, (/) - cycle Shift-Dir - straight line, f/p - two-headed ogre
Aim: a two-headed ogre, wielding two +0 giant spiked clubs (lightly wounded, 73% to hit)
You throw a stone.
The stone hits the two-headed ogre but does no damage.
The two-headed ogre is lightly wounded.
You feel agile.
The +5 spear of the Swamp {freeze, rElec rC+ Dex+3} glows with a cold blue light!
D - the +5 spear of the Swamp (weapon)
{freeze, rElec rC+ Dex+3} Reach: D) +5 spear of the Swamp {freeze, rElec rC+ Dex+3}
Press: ? - help, Dir - move target, f/p - two-headed ogre
Aim: a two-headed ogre, wielding two +0 giant spiked clubs (about 20% to evade the +5 spear of the Swamp)
You reach to attack!
You hit the two-headed ogre but do no damage.
The +5 spear of the Swamp {freeze, rElec rC+ Dex+3} stops glowing.
a - a +0 mace (weapon)
You hit the two-headed ogre.
The two-headed ogre is lightly wounded.
The two-headed ogre misses you.
The two-headed ogre hits you with a +0 giant spiked club.
You hit the two-headed ogre.
The two-headed ogre is moderately wounded.
The two-headed ogre barely misses you.
The two-headed ogre hits you with a +0 giant spiked club!!
Ouch! That really hurt!
* * * LOW HITPOINT WARNING * * *
A red film seems to cover your vision as you go berserk!
You feel yourself moving faster!
You feel mighty!
The two-headed ogre hits you with a +0 giant spiked club!
* * * LOW HITPOINT WARNING * * *
The two-headed ogre hits you with a +0 giant spiked club!
You die...

♣#................###..##..##.<>.
##.#####...##..##..............##
#..# #... ##.######.#####......
#.## #### #.....##.######.#...
...## #####...........#.#. ....#
####.......##.## ....##. .
#####...##.......#
.............###.....#####......#
....#....w.....O@##### ##.....#
..............#### #.#####
....##.......... ...#####..####
...## ......#?# #.......)....
..## ......#.## ######....... ###
(..".....##########.#####. ###
#.............# ## ..##
###.......##### # ...##
#....##....# #


You could see a two-headed ogre and a dart slug.

Vanquished Creatures
  2 ogres (D:5)
  A kobold brigand (D:5)
  A necrophage (D:5)
  2 scorpions
  3 hounds (D:5)
  A jelly (D:4)
  8 adders
  4 gnolls (D:4)
  3 worms
  4 dart slugs
  3 orcs
  6 bats
  14 endoplasms
  3 giant cockroaches
  4 goblins
  7 hobgoblins
  2 quokkas
  12 ball pythons
  4 frilled lizards
  13 kobolds
  8 rats
105 creatures vanquished.

Vanquished Creatures (others)
  2 fungi (D:1)
  4 plants
6 creatures vanquished.

Grand Total: 111 creatures vanquished

Notes
Turn   | Place    | Note
-------+----------+-------------------------------------------
     0 | D:1      | KittyFluff the Gargoyle Berserker began the quest for the
                  | Orb.
     0 | D:1      | Reached XP level 1. HP: 14/14 MP: 1/1
   187 | D:1      | Reached XP level 2. HP: 19/19 MP: 2/2
   996 | D:1      | Found a faded altar of an unknown god.
  1023 | D:1      | Reached XP level 3. HP: 22/24 MP: 3/3
  1483 | D:2      | Reached ** piety under Trog
  1496 | D:2      | Reached XP level 4. HP: 23/29 MP: 4/4
  1614 | D:2      | Reached skill level 1 in Stealth
  2303 | D:3      | Found a burning altar of Makhleb.
  2329 | D:3      | Noticed a green death
  2453 | D:3      | Reached skill level 4 in Maces & Flails
  2505 | D:3      | Reached XP level 5. HP: 33/33 MP: 5/5
  3226 | D:4      | Reached XP level 6. HP: 12/38 MP: 6/6
  3660 | D:4      | Reached *** piety under Trog
  3797 | D:5      | Entered Level 5 of the Dungeon
  3900 | D:5      | Reached skill level 5 in Maces & Flails
  3935 | D:5      | Reached XP level 7. HP: 37/44 MP: 7/7
  4062 | D:5      | Found a basalt altar of Yredelemnul.
  4132 | D:5      | Found a white marble altar of Elyvilon.
  4319 | D:5      | Reached skill level 6 in Maces & Flails
  4415 | D:5      | Identified the +5 spear of the Swamp {freeze, rElec rC+
                  | Dex+3}
  4437 | D:5      | Noticed a two-headed ogre
  4517 | D:5      | Slain by a two-headed ogre

Illustrated notes

Levels and vault maps discovered:
D:1:      scummos_arrival_forest, layout_basic,
          shapermc_ecumenical_altar_mp_urbaneastern
D:2:      layout_basic
D:3:      corexii_shack_village, layout_loops_cross, makhleb_altar_promises_db,
          chequers_arboretum, minmay_vboxes
D:4:      layout_cave_pools, hangedman_decor_riveting,
          kennysheep_cross_bottleneck, hangedman_decor_points, kennysheep_potato
D:5:      layout_rooms, kennysheep_ying_yang

Skill      XL: |  1  2  3  4  5  6  7 |
---------------+----------------------+-----
Dodging        | 2 |  2.8
Stealth        | 1 |  1.6
Fighting       | 4 |  4.8
Armour         | 3 4 |  4.6
Maces & Flails | 4 5 6 |  6.3
Throwing       | |  0.9

Action                   |  1- 3 |  4- 6 |  7- 9 || total
-------------------------+-------+-------+-------++-------
Melee: Mace              |   105 |   260 |    66 ||   431
       Punch             |     2 |     2 |     2 ||     6
       Spear             |       |       |     1 ||     1
Throw: Stone             |       |    19 |     8 ||    27
Invok: Berserk           |       |       |     1 ||     1
  Use: Scroll            |     2 |       |     1 ||     3
 Stab: Sleeping          |       |     3 |       ||     3
Armor: Animal skin       |    29 |       |       ||    29
       Leather armour    |    21 |    89 |    18 ||   128
Dodge: Dodged            |    62 |   209 |    38 ||   309
